 Dungeon Crawl Stone Soup version 0.30.0-5-g1a98f26d00 (webtiles) character file.

Game seed: 5294919439741724142

2304 jimonade the Cleaver (level 9, 0/63 HPs)
             Began as an Octopode Monk on May 10, 2023.
             Succumbed to a killer bee's poison
             ... on level 6 of the Dungeon on May 11, 2023.
             The game lasted 00:08:54 (5132 turns).

jimonade the Cleaver (Octopode Monk)                Turns: 5132, Time: 00:08:55

Health: 0/63       AC:  3    Str: 15    XL:     9   Next: 40%
Magic:  9/9        EV: 15    Int: 12    God:
Gold:   19         SH:  0    Dex: 14    Spells: 8/8 levels left

rFire   . . .        a - +0 war axe
rCold   . . .        c - orb {light}
rNeg    + . .        x - +2 hat
rPois   .            (no amulet)
rElec   .            s - ring of positive energy
rCorr   .            (no ring)
SInv    .            (no ring)
Will    .....        (no ring)
Stlth   +            (no ring)
HPRegen 0.30/turn    (no ring)
MPRegen 0.11/turn    (no ring)
                     (no ring)

%: no passive effects
@: confused, lethally poisoned (0 -> -32), ambrosia-drunk, glowing
A: almost no armour, amphibious, 8 rings, camouflage 1, gelatinous body 1,
(nimble swimmer 1), tentacles
a: no special abilities


You were on level 6 of the Dungeon.
You visited 2 branches of the dungeon, and saw 7 of its levels.

You collected 214 gold pieces.
You spent 195 gold pieces at shops.

Inventory:

Hand Weapons
 a - a +0 war axe (weapon)
 n - a +0 hand axe
 y - a +2 spear of freezing
 A - a +0 sling
 D - a +2 battleaxe
Missiles
 h - 7 poisoned darts (quivered)
 C - 2 throwing nets
 I - 14 boomerangs of dispersal
Armour
 c - an orb of light (worn)
 x - a +2 hat (worn)
Jewellery
 s - a ring of positive energy (left tentacle)
 H - a ring of fire
Scrolls
 e - a scroll of teleportation
 g - 3 scrolls of noise {unknown}
 j - 2 scrolls of fear {unknown}
 k - 2 scrolls of magic mapping
 o - a scroll of amnesia {unknown}
 p - a scroll of vulnerability {unknown}
 q - a scroll of blinking {unknown}
 r - a scroll of enchant armour
 t - a scroll of immolation {unknown}
 w - 2 scrolls of identify {unknown}
 E - a scroll of summoning {unknown}
Potions
 d - 3 potions of mutation {unknown}
 f - 3 potions of curing {unknown}
 i - a potion of brilliance {unknown}
 l - 2 potions of attraction {unknown}
 m - a potion of flight {unknown}
 u - a potion of magic {unknown}
 v - a potion of degeneration {unknown}
 z - a potion of haste {unknown}
 B - a potion of cancellation {unknown}
 F - 3 potions of resistance
 G - a potion of heal wounds {unknown}


   Skills:
 + Level 6.6 Fighting
 + Level 10.3 Axes
 + Level 5.3 Dodging


You had 8 spell levels left.
You didn't know any spells.
Your spell library contained the following spells:

 Spells                   Type           Power      Damage    Failure   Level
 Sandblast                Erth           0%         2d4       32%         1
 Slow                     Hex            0%         N/A       32%         1
 Passwall                 Tmut/Erth      0%         N/A       45%         2
 Confusing Touch          Hex            0%         N/A       69%         3
 Stone Arrow              Conj/Erth      0%         3d7       69%         3
 Vampiric Draining        Necr           0%         2d6       69%         3
 Animate Dead             Necr           0%         N/A       97%         4
 Borgnjor's Vile Clutch   Necr/Erth      0%         N/A       100%        5
 Death Channel            Necr           0%         N/A       100%        6


Dungeon Overview and Level Annotations

Branches:
Dungeon (6/15)             Temple (1/1) D:5

Altars:
Ashenzari
Cheibriados
Dithmenos
Gozag
Hepliaklqana
Kikubaaqudgha
Nemelex Xobeh
Okawaru
Qazlal
Ru
Trog
Vehumet
Wu Jian
Xom
Yredelemnul
Zin
The Shining One

Shops:
D:6 *

Annotations:
D:6 1 transporter


Innate Abilities, Weirdness & Mutations

You cannot wear most types of armour.
You are amphibious.
You can wear up to eight rings at the same time.
Your skin changes colour to match your surroundings (Stealth+).
Your rubbery body absorbs attacks. (AC +1, EV +1)
((You are camouflaged when in or above water. (Stealth+)))
You have tentacles for arms and can constrict up to eight enemies at once.


Message History

You are more poisoned.
The killer bee poisons you! The killer bee stings you.
You are too injured to fight recklessly!
You are too injured to fight recklessly!
You are too injured to fight recklessly!
You hit the scorpion but do no damage. You grab the scorpion.
You closely miss the killer bee. You constrict the scorpion.
You feel very sick. The killer bee stings you.
You are more poisoned.
The killer bee poisons you! The scorpion closely misses you.
The killer bee closely misses you.
You hit the scorpion. You squeeze the scorpion!
The scorpion is severely wounded.
You completely miss the killer bee.
The sentinel's mark upon you fades away.
You constrict the scorpion.
You feel very sick. The killer bee stings you.
* * * LOW HITPOINT WARNING * * *
The scorpion stings you.
* * * LOW HITPOINT WARNING * * *
The killer bee stings you.
* * * LOW HITPOINT WARNING * * *
You hit the scorpion.
The scorpion is severely wounded.
You hit the killer bee. You constrict the scorpion.
* * * LOW HITPOINT WARNING * * *
You feel very sick. The killer bee misses you. The scorpion stings you.
* * * LOW HITPOINT WARNING * * *
You are more poisoned.
The scorpion poisons you! The killer bee stings you.
* * * LOW HITPOINT WARNING * * *
You are more poisoned.
The killer bee poisons you!
You are confused.
You feel invigorated.
You constrict the scorpion.
You kill the scorpion!
You die...

..... #.#######
.....## #.#..#..##
......###.†..'...#
...#.#...#..###.#
#.#.#.###### #.### .
#⌠.⌠..########...#
.##.∩.....##....)<.#
..#⌠.⌠.##.#..########
<..............†@yyy#
##..##.##...#######.#
###..#.###..# #####.#
####...###..# #....y#
............###y....#
###..####...y.y.....#
#....# #.©.........#
#.##.# ###########.#
..##..#...... #..#


You could see 3 killer bees.

Vanquished Creatures
  Grinder (D:3)
  Sigmund (D:3)
  Eustachio (D:4)
  An ice beast (D:5)
  A black bear (D:6)
  A hornet zombie (D:5)
  A sky beast (D:6)
  A kobold brigand (D:6)
  2 necrophages (D:5)
  5 scorpions
  2 water moccasin zombies (D:5)
  4 wights (D:5)
  2 killer bees (D:6)
  A howler monkey (D:5)
  An orc priest (D:5)
  3 hounds
  A human zombie (D:5)
  2 iguanas
  Jessica (D:3)
  2 sleepcaps (D:4)
  Natasha (D:4)
  An orc wizard (D:5)
  2 mummies (D:5)
  8 gnolls
  7 adders
  An ufetubus (D:5)
  9 orcs
  7 ball pythons
  4 endoplasms
  A giant cockroach (D:4)
  8 goblins
  5 hobgoblins
  4 jackals (D:1)
  3 quokkas
  7 bats
  5 frilled lizards
  9 kobolds
  4 rats
120 creatures vanquished.

Notes
Turn   | Place    | Note
-------+----------+-------------------------------------------
     0 | D:1      | jimonade the Octopode Monk began the quest for the Orb.
     0 | D:1      | Reached XP level 1. HP: 16/16 MP: 1/1
   157 | D:1      | Reached XP level 2. HP: 21/21 MP: 2/2
   349 | D:1      | Reached XP level 3. HP: 26/26 MP: 3/3
  1582 | D:3      | Noticed Sigmund
  1639 | D:3      | Reached XP level 4. HP: 22/32 MP: 4/4
  1640 | D:3      | Reached skill level 4 in Axes
  1731 | D:3      | Noticed Jessica
  1735 | D:3      | Killed Jessica
  1744 | D:3      | Killed Sigmund
  1745 | D:3      | Reached skill level 5 in Axes
  1745 | D:3      | Reached XP level 5. HP: 29/37 MP: 5/5
  1745 | D:3      | Reached XP level 6. HP: 34/43 MP: 6/6
  1819 | D:3      | Noticed Grinder
  1826 | D:3      | Killed Grinder
  1827 | D:3      | Reached skill level 6 in Axes
  1827 | D:3      | Reached XP level 7. HP: 7/49 MP: 7/7
  2659 | D:4      | Reached skill level 7 in Axes
  2700 | D:4      | Noticed Eustachio
  2718 | D:4      | Killed Eustachio
  2848 | D:4      | You fall into a shaft and drop 1 floor!
  2848 | D:5      | Entered Level 5 of the Dungeon
  2936 | D:4      | Noticed Natasha
  2939 | D:4      | Killed Natasha
  2983 | D:4      | Reached XP level 8. HP: 40/54 MP: 8/8
  3077 | D:4      | Reached skill level 5 in Fighting
  3179 | D:4      | Reached skill level 8 in Axes
  4121 | D:5      | Found a staircase to the Ecumenical Temple.
  4128 | Temple   | Entered the Ecumenical Temple
  4684 | D:5      | Found an ancient bone altar of Kikubaaqudgha.
  4705 | D:5      | Reached skill level 9 in Axes
  4813 | D:5      | Reached skill level 5 in Dodging
  4813 | D:5      | Reached XP level 9. HP: 60/62 MP: 9/9
  5005 | D:6      | Found Tyzxiwia's Assorted Antiques.
  5005 | D:6      | Found a transporter.
  5010 | D:6      | Bought a scroll labelled GEKHLA TAUHYR for 30 gold pieces
  5010 | D:6      | Bought a smoky sapphire potion for 27 gold pieces
  5010 | D:6      | Bought a scroll labelled POECWAEFYI for 30 gold pieces
  5010 | D:6      | Bought 2 emerald potions for 54 gold pieces
  5010 | D:6      | Bought an emerald potion for 27 gold pieces
  5010 | D:6      | Bought an inky potion for 27 gold pieces
  5022 | D:6      | Reached skill level 10 in Axes
  5131 | D:6      | HP: 3/63 [killer bee (2)]
  5132 | D:6      | Succumbed to a killer bee's poison

Illustrated notes

Levels and vault maps discovered:
D:1:      wander_arrival_desolate, layout_basic
D:2:      cheibrodos_old_hovel, layout_loops_corners
D:3:      layout_rooms, st_stairs_8, uniq_grinder, uniq_sigmund, uniq_jessica
D:4:      layout_basic, hellmonk_no_cap, uniq_eustachio, uniq_natasha
D:5:      minmay_spotlight, layout_loops_corners,
          lemuel_mausoleum_altar_kikubaaqudgha, minmay_temple_entry_junction
D:6:      gammafunk_cloud_chamber, layout_rooms, serial_shops, shop, shop,
          shop_fountains, chequers_serial_rivers_small_b,
          minmay_unpleasant_kobolds
Temple:   eino_temple_rhombus

Skill      XL: |  1  2  3  4  5  6  7  8  9 |
---------------+----------------------------+-----
Axes           | 5 6 7 9 10 | 10.3
Fighting       | 4 6 |  6.6
Dodging        | 4 5 |  5.3

Action                     |  1- 3 |  4- 6 |  7- 9 || total
---------------------------+-------+-------+-------++-------
  Melee: Hand axe          |    58 |       |       ||    58
         Constrict         |    25 |     4 |    49 ||    78
         Tentacles         |    13 |     2 |    63 ||    78
         War axe           |     7 |    15 |   200 ||   222
         Punch             |       |       |     8 ||     8
    Use: Scroll            |       |       |     3 ||     3
         Potion            |       |       |     1 ||     1
   Stab: Sleeping          |       |     1 |       ||     1
         Distracted        |       |       |     2 ||     2
 Armour: Skin              |     3 |     1 |    24 ||    28
  Dodge: Dodged            |    48 |    10 |   108 ||   166
